 Dungeon Crawl Stone Soup version 0.19.5 (webtiles) character file.

89 equalderp2856 the Sneak (level 4, -4/18 HPs)
             Began as a Felid Ice Elementalist on Apr 1, 2017.
             Slain by an ogre
             ... wielding a +0 giant club
              (21 damage)
             ... on level 4 of the Dungeon.
             The game lasted 00:10:46 (3898 turns).

equalderp2856 the Sneak (Felid Ice Elementalist)    Turns: 3898, Time: 00:10:47

Health: -4/18      AC:  1    Str:  4    XL:     4   Next: 31%
Magic:  7/8        EV: 20    Int: 17    God:
Gold:   72         SH:  0    Dex: 17    Spells: 1 memorised, 6 levels left
                                        Lives:  0   Deaths: 1

rFire  . . .     SeeInvis +       - Unarmed
rCold  . . .     Gourm    .     (armour unavailable)
rNeg   . . .     Faith    .     (shield unavailable)
rPois  .         Spirit   .     (helmet unavailable)
rElec  .         Reflect  .     (cloak unavailable)
rCorr  .         Harm     .     (gloves unavailable)
MR     .....                    (boots unavailable)
Stlth  ++++......               (no amulet)
                                (no ring)
                                (no ring)

@: quick
A: no armour, no weapons or thrown items, stealth, claws 1, fangs 3, see
invisible, carnivore 3, speed 1, shaggy fur 1, slow metabolism 1, sharp paws
a: no special abilities


You were on level 4 of the Dungeon.
You were not hungry.

You visited 1 branch of the dungeon, and saw 4 of its levels.

You collected 72 gold pieces.

Inventory:

Scrolls
 c - a scroll of enchant armour {unknown}
 d - 3 scrolls of remove curse {unknown}
 e - a scroll of random uselessness {unknown}
 f - a scroll of fear {unknown}
 g - a scroll of amnesia {unknown}
 i - 2 scrolls of identify {unknown}
 j - a scroll of fog {unknown}
Books
 a - a book of Frost

   Spells                             Type                      Level
   a - Freeze                         Ice                          1
   b - Throw Frost                    Conjuration/Ice              2
   c - Ozocubu's Armour               Charms/Ice                   3
   d - Throw Icicle                   Conjuration/Ice              4
   e - Summon Ice Beast               Ice/Summoning                4
Comestibles
 b - 2 meat rations
 h - a slice of pizza


   Skills:
 + Level 0.2 Fighting
 + Level 4.8 Dodging
 + Level 5.8 Stealth
 + Level 1.7 Unarmed Combat
 - Level 2.0 Spellcasting
   Level 0.8 Conjurations
 - Level 2.6 Ice Magic


You had 6 spell levels left.
You knew the following spells:

 Your Spells              Type           Power        Failure   Level  Hunger
a - Freeze                Ice            ##..         10%         1    #......


Dungeon Overview and Level Annotations

Branches:
Dungeon (4/15)
 Temple: D:4-7

Altars:

Annotations:
D:3 Grinder, Robin


Innate Abilities, Weirdness & Mutations

You cannot wear armour.
You are incapable of wielding weapons or throwing items.
Your paws allow you to move quietly. (Stealth)
You have sharp claws.
You have razor-sharp teeth.
You have supernaturally acute eyesight. (SInv)
You are carnivorous and can eat meat at any time.
You cover ground quickly.
You are covered in fur. (AC +1)
You have a slow metabolism.
Your sharp claws are effective at attacking unaware monsters.


Message History

The ogre shouts!
You scratch the ball python.
The ball python is severely wounded.
The ball python misses you. x2
You scratch the ball python but do no damage.
The ball python is severely wounded.
The ball python completely misses you. The ball python grabs you.
The ball python constricts you.
You scratch the ball python.
You kill the ball python!
Casting: Freeze
Confirm with . or Enter, or press ? or * to list all spells.
Aiming: Freeze
Press: ? - help, Shift-Dir - straight line, f - ogre
Aim: an ogre, wielding a giant club You freeze the ogre.
The ogre is lightly wounded.
The ogre hits you with a giant club!!
Ouch! That really hurt!
You die...

.######.# #..#
######.##
.........#
.........# #
#.....<..# .#
#........# ..#
.........#...#
........@O...#
.............#
####.#.##...#
..... ......
#####. #.....
#. ..... .<
##### ..


You could see an ogre.

Vanquished Creatures
  The ghost of equalderp2856 the Caller, a weakling FeSu (D:3)
  3 adders
  A gnoll (D:1)
  2 oozes
  2 dart slugs
  2 leopard geckos
  6 orcs
  2 ball pythons
  5 giant cockroaches
  17 goblins
  9 hobgoblins
  3 jackals (D:1)
  8 kobolds
  3 quokkas
  8 bats
  4 frilled lizards
  10 rats
86 creatures vanquished.

Notes
Turn   | Place    | Note
-------+----------+-------------------------------------------
     0 | D:1      | equalderp2856 the Felid Ice Elementalist began the quest for the Orb.
     0 | D:1      | Reached XP level 1. HP: 7/7 MP: 4/4
   431 | D:1      | Reached XP level 2. HP: 11/11 MP: 0/6
   655 | D:1      | Reached skill level 3 in Stealth
  1141 | D:1      | Reached XP level 3. HP: 11/14 MP: 5/7
  1339 | D:1      | Reached skill level 1 in Unarmed Combat
  1815 | D:2      | Reached skill level 4 in Stealth
  2096 | D:2      | Reached XP level 4. HP: 17/18 MP: 3/8
  2961 | D:3      | Reached skill level 5 in Stealth
  3085 | D:3      | Noticed equalderp2856's ghost (weakling FeSu)
  3091 | D:3      | Killed equalderp2856's ghost
  3091 | D:3      | Reached XP level 5. HP: 19/21 MP: 3/9
  3167 | D:3      | Noticed Grinder
  3405 | D:3      | Noticed Robin
  3524 | D:3      | Paralysed by Grinder for 7 turns
  3526 | D:3      | Slain by a goblin
  3527 | D:3      | Reached XP level 4. HP: -1/18 MP: 8/8
  3893 | D:4      | Noticed an ogre
  3898 | D:4      | Slain by an ogre

Skill      XL: |  1  2  3  4 |
---------------+-------------+-----
Dodging        | 3 4 |  4.8
Stealth        | 3 4 5 |  5.8
Unarmed Combat | 1 |  1.7
Fighting       | |  0.2
Spellcasting   | |  2.0
Conjurations   | |  0.8
Ice Magic      | |  2.6

Action                   |  1- 3 |  4- 6 || total
-------------------------+-------+-------++-------
Melee: Unarmed           |    27 |    58 ||    85
       Bite              |     2 |     3 ||     5
       Punch             |       |     1 ||     1
 Cast: Freeze            |    62 |    70 ||   132
  Use: Potion            |       |     4 ||     4
 Stab: Sleeping          |     4 |     4 ||     8
       Distracted        |       |     1 ||     1
  Eat: Chunk             |     5 |     4 ||     9
Armor: Skin              |     4 |     5 ||     9
Dodge: Dodged            |    64 |   126 ||   190
